 Dungeon Crawl Stone Soup version 0.22-a0-252-gcace5d2 (webtiles) character file.

95 KristoblXynda the Chucker (level 4, -6/36 HPs)
             Began as a Draconian Hunter on Mar 1, 2018.
             Mangled by Crazy Yiuf
             ... wielding a +2 quarterstaff of chaos
              (19 damage)
             ... on level 2 of the Dungeon.
             The game lasted 00:04:21 (1900 turns).

KristoblXynda the Chucker (Draconian Hunter)        Turns: 1900, Time: 00:04:22

Health: -6/36      AC:  7    Str: 16    XL:     4   Next: 40%
Magic:  4/4        EV: 12    Int: 11    God:
Gold:   58         SH:  0    Dex: 11    Spells: 3/3 levels left

rFire    . . .     SeeInvis .   a - +1 whip (vamp)
rCold    . . .     Gourm    .   (no shield)
rNeg     . . .     Faith    .   (armour unavailable)
rPois    .         Spirit   .   (helmet restricted)
rElec    .         Reflect  .   (no cloak)
rCorr    .         Harm     .   v - +1 pair of gloves
MR       .....                  (no boots)
Stlth    +.........             m - amulet of regeneration
HPRegen  0.52/turn              t - ring of wizardry
MPRegen  0.09/turn              s - ring of flight

@: drained
A: unfitting armour, cold-blooded, AC +5
a: Evoke Flight


You were on level 2 of the Dungeon.
You were not hungry.

You visited 1 branch of the dungeon, and saw 2 of its levels.

You collected 58 gold pieces.

Inventory:

Hand Weapons
 a - a +1 vampiric whip (weapon)
Missiles
 b - 4 javelins (quivered)
 c - 2 throwing nets
Armour
 v - a +1 pair of gloves (worn)
Jewellery
 m - an amulet of regeneration (around neck)
 s - a ring of flight (right hand)
 t - a ring of wizardry (left hand)
Scrolls
 h - a scroll of blinking {unknown}
 j - a scroll of identify
 n - a scroll of fog {unknown}
Potions
 e - a potion of agility {unknown}
 f - a potion of invisibility
 g - a potion of degeneration {unknown}
 i - a potion of might
 k - a potion of magic {unknown}
 l - a potion of curing {unknown}
 p - a potion of flight
 w - a potion of haste {unknown}
 x - a potion of brilliance
Comestibles
 d - 4 rations


   Skills:
 - Level 2.2(1.9) Fighting
 + Level 2.1(1.8) Maces & Flails
 + Level 4.2(3.9) Throwing
 + Level 2.8(2.5) Dodging
 - Level 0.8(0.5) Stealth
 - Level 0.1(0.0) Unarmed Combat


You had 3 spell levels left.
You didn't know any spells.

Dungeon Overview and Level Annotations

Branches:
Dungeon (2/15)

Altars:

Annotations:
D:2 Crazy Yiuf


Innate Abilities, Weirdness & Mutations

Your plain brown scales are hard. (AC +5)
You cannot fit into any form of body armour.
You are cold-blooded and may be slowed by cold attacks.


Message History

Crazy Yiuf hits you with a quarterstaff of chaos.
You are electrocuted!
* * * LOW HITPOINT WARNING * * *
Crazy Yiuf glowers.
Crazy Yiuf cries, "You leg down broken song, no?"
Crazy Yiuf twirls on the spot.
Crazy Yiuf twirls on the spot.
Items here: ))) ÷÷ a club; a dagger; a club; a goblin skeleton x2
You see here a centaur barding.
Crazy Yiuf screams, "Defame!"
All of the chunks of flesh in your inventory have rotted away.
Crazy Yiuf says, "Tosser!
Prologue unthinkable cower."
Crazy Yiuf says, "Key!"
You barely miss Crazy Yiuf.
Crazy Yiuf is moderately wounded.
Crazy Yiuf hits you with a quarterstaff of chaos.
You are electrocuted!
Ouch! That really hurt!
You die...

...###....#####.[#
...# #....# ##.#
...# #....#
###.###### .#.#
#...## #........##
..†# ##.##
#.........## ...#
#.## #.....<....#
...# ##.#
#..........# ...#
#.## #..g.......#
...# ##.#
#..@..<....# .$.#
#'# #..........#
...# ...
#......(...# #...#
#.........## #.()#
#..#.....## #####
##########


You could see Crazy Yiuf.

Vanquished Creatures
  6 adders (D:2)
  A worm (D:2)
  A dart slug (D:1)
  2 leopard geckos (D:2)
  3 bats (D:1)
  2 giant cockroaches
  6 goblins
  6 hobgoblins
  2 kobolds (D:1)
  2 frilled lizards
  4 rats
35 creatures vanquished.

Notes
Turn   | Place    | Note
-------+----------+-------------------------------------------
     0 | D:1      | KristoblXynda the Draconian Hunter began the quest for the Orb.
     0 | D:1      | Reached XP level 1. HP: 17/17 MP: 1/1
   411 | D:1      | Reached XP level 2. HP: 16/24 MP: 2/2
   751 | D:1      | Reached skill level 1 in Maces & Flails
  1421 | D:2      | Reached skill level 4 in Throwing
  1421 | D:2      | Reached XP level 3. HP: 27/29 MP: 3/3
  1604 | D:2      | Reached XP level 4. HP: 36/36 MP: 4/4
  1814 | D:2      | Found a runed door.
  1869 | D:2      | Noticed Crazy Yiuf
  1900 | D:2      | Mangled by Crazy Yiuf

Vault maps used:
D:1:      minmay_arrival_nine_rooms, hangedman_decor_lopped, minmay_circled_x
D:2:      grunt_gozag_breadcrumbs, first_ration, kennysheep_generic_room_11,
          uniq_crazy_yiuf_cottage, uniq_natasha

Skill      XL: |  1  2  3  4 |
---------------+-------------+-----
Dodging        | 2 |  2.8
Maces & Flails | 1 2 |  2.1
Throwing       | 4 |  4.2
Fighting       | |  2.2
Stealth        | |  0.8
Unarmed Combat | |  0.1

Action                   |  1- 3 |  4- 6 || total
-------------------------+-------+-------++-------
Melee: Whip              |   117 |    49 ||   166
       Unarmed           |    21 |       ||    21
       Tailslap          |    14 |     5 ||    19
       Short sword       |     4 |       ||     4
Throw: Javelin           |     1 |     2 ||     3
  Use: Scroll            |     2 |     3 ||     5
 Stab: Sleeping          |     1 |       ||     1
  Eat: Ration            |     1 |       ||     1
       Chunk             |     3 |     1 ||     4
Armor: Skin              |    69 |     9 ||    78
Dodge: Dodged            |   108 |    30 ||   138

Table legend:
 A = Spawn XP
 B = Non-spawn XP
 C = Spawn XP percentage of total XP
 D = Spawn monster count
 E = Non-spawn monster count
 F = Spawn count percentage of total count
 G = Total turns spent on level
                    A         B        C        D         E        F      G
               +---------+---------+-------+---------+---------+-------+---------
         Total |       0 |     137 |   0.0 |       0 |      35 |   0.0 |  1900
               +---------+---------+-------+---------+---------+-------+---------
           D:1 |       0 |      33 |   0.0 |       0 |      18 |   0.0 |  1404
           D:2 |       0 |     104 |   0.0 |       0 |      17 |   0.0 |   496
               +---------+---------+-------+---------+---------+-------+---------
